 Dungeon Crawl Stone Soup version 0.31.0-11-ge490571c62 (webtiles) character file.

Game seed: 9073413939471529026

49 Rassilon the Sneak (level 3, -4/16 HPs)
             Began as a Spriggan Enchanter on Feb 8, 2024.
             Slain by a gnoll
             ... wielding a +0 halberd
              (15 damage)
             ... on level 2 of the Dungeon.
             The game lasted 00:04:27 (1142 turns).

Rassilon the Sneak (Spriggan Enchanter)             Turns: 1142, Time: 00:04:28

Health: -4/16      AC:  2    Str:  6    XL:     3   Next: 53%
Magic:  2/8        EV: 17    Int: 16    God:
Gold:   71         SH:  0    Dex: 15    Spells: 0/8 levels left

rFire   . . .        a - +1 dagger
rCold   . . .        (no shield)
rNeg    . . .        b - +0 robe
rPois   .            (helmet restricted)
rElec   .            (no cloak)
rCorr   .            (gloves unavailable)
SInv    +            (boots unavailable)
Will    .....        (no amulet)
Stlth   +++          (no ring)
HPRegen 0.22/turn    (no ring)
MPRegen 0.11/turn

%: no passive effects
@: very quick
A: very small, no large weapons, unfitting armour, see invisible, speed 3
a: no special abilities


You were on level 2 of the Dungeon.
You visited 1 branch of the dungeon, and saw 2 of its levels.

You collected 71 gold pieces.

Inventory:

Hand Weapons
 a - a +1 dagger (weapon)
Armour
 b - a +0 robe (worn)
Scrolls
 e - a scroll of revelation {unknown}
 f - a scroll of amnesia {unknown}
 j - a scroll of enchant weapon {unknown}
Potions
 c - 2 potions of invisibility
 d - a potion of degeneration {unknown}
 g - a potion of attraction {unknown}
 h - 2 potions of magic {unknown}
 i - a potion of brilliance {unknown}


   Skills:
 * Level 2.4 Short Blades
 + Level 3.2 Dodging
 + Level 5.0 Stealth
 + Level 3.1 Spellcasting
 + Level 3.9 Hexes


You couldn't memorise any spells.
You knew the following spells:

 Your Spells              Type           Power      Damage    Failure   Level
a - Ensorcelled Hibernat  Hex/Ice        16%        N/A       12%         2
b - Confusing Touch       Hex            15%        N/A       11%         3
c - Dazzling Flash        Conj/Hex       16%        N/A       24%         3

Your spell library contained the following spells:

 Spells                   Type           Power      Damage    Failure   Level
 Tukima's Dance           Hex            15%        N/A       11%         3


Dungeon Overview and Level Annotations

Branches:
Dungeon (2/15)

Altars:


Innate Abilities, Weirdness & Mutations

You are very small and have problems with some larger weapons.
You are too small for most types of armour.
You have supernaturally acute eyesight. (SInv)
You cover ground extremely quickly. (Speed+++)


Message History

Okay, then.
You closely miss the rat. The rat misses you. The gnoll closely misses you.
You hit the rat.
You kill the rat!
The gnoll misses you.
Casting: Confusing Touch (extremely dangerous; 11% risk of failure)
Confirm with . or Enter, or press ? or * to list all spells.
Your hands begin to glow red.
The gnoll hits you from afar with a +0 halberd.
The gnoll misses you. The gnoll hits you but does no damage.
You hit the gnoll but do no damage.
The gnoll appears confused.
You punch the gnoll, but do no damage.
The gnoll barely misses the gnoll.
The gnoll misses you.
The gnoll shouts!
You hit the gnoll.
The gnoll is moderately wounded.
The gnoll closely misses you. The gnoll misses you.
The gnoll hits itself with a +0 halberd.
You catch the helpless gnoll completely off-guard!
You puncture the gnoll!
You kill the gnoll!
Your Stealth skill increases to level 5!
Casting: Confusing Touch (extremely dangerous; 11% risk of failure)
Confirm with . or Enter, or press ? or * to list all spells.
Okay, then.
Casting: Confusing Touch (extremely dangerous; 11% risk of failure)
Confirm with . or Enter, or press ? or * to list all spells.
Your hands begin to glow red.
The gnoll hits you from afar with a +0 spear.
Unknown command.
The gnoll closely misses you. The gnoll misses you.
Things that are here:
a +0 halberd; a gnoll corpse You hit the gnoll but do no damage.
The gnoll appears confused.
The gnoll hits the gnoll with a +0 spear.
The gnoll closely misses you.
You hit the gnoll but do no damage. The gnoll misses you.
The gnoll hits you from afar with a +0 halberd!
Ouch! That really hurt!
You die...

...# ###### .#. ..# #....# #.#B#
.## #....# #..# r# ..# #....#
.#.# #. #.######### ##.#####.#.#
g## #.........# ####..# #.##.#.
#†#
#########.###....#####.##.#.##g##
# #..#..#####.....+.+g'.... #
##......@ggg##.##.#.##g## #
###..#########†##.#.##.#. #
#...## ##.#.#.#.##. #########.###
#.#.#.#.##. .........#
##..#..###. .........# ##g#.##...
........## #..g...... #########
#..|......
####################.........


You could see 3 gnolls.

Vanquished Creatures
  A gnoll (D:2)
  An adder (D:2)
  2 ribbon worms
  An endoplasm (D:2)
  2 goblins (D:1)
  2 hobgoblins
  3 jackals (D:1)
  A kobold (D:1)
  A quokka (D:1)
  6 ball pythons
  2 bats (D:1)
  3 frilled lizards
  3 rats
28 creatures vanquished.

Notes
Turn   | Place    | Note
-------+----------+-------------------------------------------
     0 | D:1      | Rassilon the Spriggan Enchanter began the quest for the
                  | Orb.
     0 | D:1      | Reached XP level 1. HP: 9/9 MP: 5/5
   129 | D:1      | Found a faded altar of an unknown god.
   275 | D:1      | Reached XP level 2. HP: 13/13 MP: 6/6
   411 | D:1      | Learned a level 2 spell: Ensorcelled Hibernation
   925 | D:2      | Reached XP level 3. HP: 16/16 MP: 6/8
   929 | D:2      | Learned a level 3 spell: Confusing Touch
   933 | D:2      | Learned a level 3 spell: Dazzling Flash
  1139 | D:2      | Reached skill level 5 in Stealth
  1142 | D:2      | Slain by a gnoll

Illustrated notes

Levels and vault maps discovered:
D:1:      wander_arrival_estate, layout_loops_cross,
          nicolae_ecumenical_snake_handling, nicolae_wormholes
D:2:      layout_rooms, interstate_on_off, grunt_ministairs_8,
          grunt_decor_junction

Skill      XL: |  1  2  3 |
---------------+----------+-----
Dodging        | 3 |  3.2
Short Blades   | 2 |  2.4
Spellcasting   | 3 |  3.1
Stealth        | 5 |  5.0
Hexes          | |  3.9

Action                     || total
---------------------------++-------
  Melee: Dagger            ||    71
         Punch             ||     1
   Cast: Ensorcelled Hiber ||     8
         Confusing Touch   ||     2
   Stab: Sleeping          ||    12
         Distracted        ||     1
         Confused          ||     1
 Armour: Robe              ||    28
  Dodge: Dodged            ||    73
